 Dungeon Crawl Stone Soup version 0.24.1-4-ge52af88ad5 (console) character file.

Game seed: 12694637753628591283, levelgen mode: deterministic

174 Kloppie the Slasher (level 5, -2/55 HPs)
             Began as a Halfling Berserker on Apr 16, 2020.
             Was a Believer of Trog.
             Slain by an ogre
             ... wielding a +0 giant club
              (27 damage)
             ... on level 4 of the Dungeon.
             The game lasted 00:03:30 (1824 turns).

Kloppie the Slasher (Halfling Berserker)            Turns: 1824, Time: 00:03:31

Health: -2/55      AC:  5    Str: 24    XL:     5   Next: 84%
Magic:  5/5        EV: 14    Int:  5    God:    Trog [**....]
Gold:   174        SH:  0    Dex: 14    Spells: 4/4 levels left

rFire    . . .     SeeInvis .   a - +0 falchion
rCold    . . .     Gourm    .   (shield restricted)
rNeg     . . .     Faith    .   k - +0 ring mail
rPois    .         Spirit   .   (no helmet)
rElec    .         Reflect  .   (no cloak)
rCorr    .         Harm     .   (no gloves)
MR       ++...                  (no boots)
Stlth    ..........             (no amulet)
HPRegen  1.18/turn              (no ring)
MPRegen  0.09/turn              (no ring)

@: berserking, regenerating, lightly drained, very quick
A: small, mutation resistance 1
a: Berserk, Trog's Hand, Renounce Religion


You were on level 4 of the Dungeon.
You worshipped Trog.
Trog was pleased with you.
You were near starving.

You visited 1 branch of the dungeon, and saw 4 of its levels.

You collected 174 gold pieces.

Inventory:

Hand Weapons
 a - a +0 falchion (weapon)
Armour
 k - a +0 ring mail (worn)
Jewellery
 d - an uncursed ring of protection from cold {unknown}
 j - an uncursed ring of protection from fire {unknown}
Wands
 m - a wand of random effects (10)
Scrolls
 e - 2 scrolls of teleportation {unknown}
 f - 4 scrolls of identify {unknown}
 g - 3 scrolls of remove curse {unknown}
 h - a scroll of fog {unknown}
 i - 2 scrolls of amnesia {unknown}
Potions
 b - a potion of curing {unknown}
 l - a potion of lignification {unknown}
Comestibles
 c - 3 rations
 n - 2 chunks of flesh


   Skills:
 + Level 4.3(3.9) Fighting
 + Level 4.7(4.3) Long Blades
 - Level 2.1(1.8) Armour
 - Level 2.1(1.8) Dodging


You had 4 spell levels left.
You didn't know any spells.
Your spell library was empty.

Dungeon Overview and Level Annotations

Branches:
Dungeon (4/15)
 Temple: D:4-7

Altars:

Annotations:
D:3 Grinder


Innate Abilities, Weirdness & Mutations

You are small and have problems with some larger weapons.
You are somewhat resistant to further mutation.


Message History

The worker ant twitches its antennae in your direction.
You hit the worm.
You kill the worm!
Trog accepts your kill.
Your skin crawls.
You feel resistant to hostile enchantments.
You are feeling hungry.
A red film seems to cover your vision as you go berserk!
You feel yourself moving faster!
You feel mighty!
You are near starving!
The ogre hits you with a +0 giant club!
* * * LOW HITPOINT WARNING * * *
You are too injured to fight recklessly!
You are too injured to fight recklessly!
You are too injured to fight recklessly!
You are too injured to fight recklessly!
You are too injured to fight recklessly!
You closely miss the ogre.
The ogre hits you with a +0 giant club!!
You die...

.## ..... #####
....##.... ##...#
.......... ##..###
..........# ##..##
..........## ##..##
...........# ##..##
...........## ##...#
#...........###...##
................##
####.....a....>##
##....O@....#
###..####....##
##.#..# ###..<#
##..#..# ##...#
#...O.## #....#
#....#.# ##...#
#.....#.# #...#
#....##.# #...#
.'...# #.# ...##
.#..# #.# ...# #.#
#.#


You could see an ogre and a worker ant.

Vanquished Creatures
  An orc priest (D:3)
  Terence (D:3)
  6 adders
  An adder skeleton (D:4)
  A worm (D:4)
  2 dart slugs (D:1)
  2 orcs (D:3)
  A giant cockroach (D:1)
  8 hobgoblins
  6 kobolds
  A quokka (D:2)
  A ball python (D:2)
  9 bats
  A frilled lizard (D:2)
  7 goblins
  10 rats
58 creatures vanquished.

Notes
Turn   | Place    | Note
-------+----------+-------------------------------------------
     0 | D:1      | Kloppie the Halfling Berserker began the quest for the Orb.
     0 | D:1      | Reached XP level 1. HP: 15/15 MP: 1/1
    40 | D:1      | Reached XP level 2. HP: 16/20 MP: 2/2
   309 | D:1      | Reached XP level 3. HP: 24/26 MP: 3/3
   521 | D:1      | Reached ** piety under Trog
   911 | D:2      | Reached XP level 4. HP: 26/31 MP: 4/4
  1429 | D:3      | Noticed Terence
  1444 | D:3      | Killed Terence
  1444 | D:3      | Reached XP level 5. HP: 37/37 MP: 5/5
  1750 | D:3      | Noticed Grinder
  1809 | D:4      | Noticed an ogre
  1824 | D:4      | Slain by an ogre

Levels and vault maps discovered:
D:1:      dpeg_arrival_houses_and_road, layout_loops_ring
D:2:      layout_basic, minmay_misc_feat_pillars, minmay_misc_feat_roman
D:3:      kennysheep_six_static_rooms, layout_loops_ring,
          kennysheep_jessica_study, uniq_grinder, uniq_terence
D:4:      layout_layer_cave, minmay_quadrilaterals

Skill      XL: |  1  2  3  4 |
---------------+-------------+-----
Fighting       | 3 4 |  4.3
Long Blades    | 4 |  4.7
Armour         | |  2.1
Dodging        | |  2.1

Action                   |  1- 3 |  4- 6 || total
-------------------------+-------+-------++-------
Melee: Falchion          |    79 |    94 ||   173
Invok: Berserk           |       |     2 ||     2
       Trog's Hand       |       |     2 ||     2
 Stab: Sleeping          |     3 |       ||     3
  Eat: Chunk             |       |     4 ||     4
Armor: Animal skin       |     4 |       ||     4
       Ring mail         |     4 |    27 ||    31
Dodge: Dodged            |    69 |    73 ||   142
       Rpst.: Falchion   |    28 |    27 ||    55
